 Dungeon Crawl Stone Soup version 0.29.1-15-g9cfb28693d (webtiles) character file.

Game seed: 363955141362732391

3230 wingedge the Skirmisher (level 9, -7/74 HPs)
             Began as a Demigod Wanderer on Apr 26, 2023.
             Mangled by a yak (12 damage)
             ... on level 7 of the Dungeon.
             The game lasted 00:30:00 (8467 turns).

wingedge the Skirmisher (Demigod Wanderer)          Turns: 8467, Time: 00:30:00

Health: -7/74      AC:  6    Str: 15    XL:     9   Next: 39%
Magic:  11/11      EV: 16    Int: 13    God:
Gold:   481        SH:  9    Dex: 30    Spells: 8/8 levels left

rFire   . . .      SeeInvis .   a - +0 sling
rCold   . . .      Faith    .   f - +2 buckler
rNeg    . . .      Spirit   .   y - +0 leather armour
rPois   .          Reflect  .   q - +0 helmet
rElec   .          Harm     .   (no cloak)
rCorr   .          Rampage  .   s - +0 pair of gloves
Will    .....                   n - +0 pair of boots
Stlth   +++.......              (no amulet)
HPRegen 0.22/turn               v - +6 ring of strength
MPRegen 0.12/turn               m - ring of flight

@: flying, hasted, very quick
A: high MP 1, forlorn, divine attributes
a: no special abilities


You were on level 7 of the Dungeon.
You visited 2 branches of the dungeon, and saw 9 of its levels.
You also visited: Ossuary.

You collected 481 gold pieces.

Inventory:

Hand Weapons
 a - a +0 sling (weapon)
 b - a +0 long sword
 H - a +0 scimitar
 M - a +0 rapier
Missiles
 o - 15 poisoned darts
 A - 2 curare-tipped darts
Armour
 c - a +0 scale mail
 f - a +2 buckler (worn)
 g - an orb of light
 n - a +0 pair of boots (worn)
 q - a +0 helmet (worn)
 s - a +0 pair of gloves (worn)
 y - a +0 leather armour (worn)
Jewellery
 m - a ring of flight (right hand)
 p - a ring of ice
 v - a +6 ring of strength (left hand)
Wands
 i - a wand of flame (15)
 z - a wand of polymorph (19)
Scrolls
 e - a scroll of fog
 h - 4 scrolls of immolation
 j - 2 scrolls of enchant weapon
 k - 3 scrolls of teleportation
 l - a scroll of amnesia
 r - 3 scrolls of torment
 u - 4 scrolls of fear
 E - 2 scrolls of blinking
 L - a scroll of vulnerability
Potions
 d - 5 potions of curing
 t - 2 potions of brilliance
 w - 2 potions of mutation
 x - 2 potions of magic
 B - a potion of haste
 C - a potion of lignification {unknown}
 D - a potion of heal wounds
 F - a potion of resistance {unknown}
 G - 2 potions of attraction {unknown}
 I - a potion of flight {unknown}
 K - a potion of berserk rage {unknown}


   Skills:
 - Level 5.0 Fighting
 - Level 2.0(2.2) Short Blades
 + Level 1.6(2.1) Long Blades
 + Level 9.5 Ranged Weapons
 - Level 2.0 Armour
 + Level 5.1 Dodging
 - Level 3.0 Stealth
 - Level 3.0 Shields
 - Level 1.0 Evocations


You had 8 spell levels left.
You didn't know any spells.
Your spell library contained the following spells:

 Spells                   Type           Power      Damage    Failure   Level
 Freeze                   Ice            0%         1d3       45%         1
 Slow                     Hex            0%         N/A       45%         1
 Summon Small Mammal      Summ           0%         N/A       45%         1
 Call Canine Familiar     Summ           0%         N/A       83%         3
 Confusing Touch          Hex            0%         N/A       83%         3
 Frozen Ramparts          Ice            0%         1d1       83%         3
 Summon Guardian Golem    Hex/Summ       0%         N/A       83%         3
 Vampiric Draining        Necr           0%         2d6       83%         3
 Hailstorm                Conj/Ice       0%         3d3       99%         4
 Yara's Violent Unravell  Hex/Tmut       0%         3d3       100%        5
 Enfeeble                 Hex            0%         N/A       100%        7


Dungeon Overview and Level Annotations

Branches:
Dungeon (8/15)             Temple (1/1) D:7         Ossuary (visited)
   Lair: D:8-11

Annotations:
D:3 1 exclusion, Grinder


Innate Abilities, Weirdness & Mutations

You have an increased reservoir of magic. (+10% MP)
You shall have no god before yourself.
Your divine heritage dramatically boosts your attributes as you level up.


Message History

Fire: a) +0 sling
Press: ? - help, Q - select action, (/) - cycle Shift-Dir - straight line, f/p - yak
Aim: a yak (heavily wounded, 79% to hit)
You shoot a sling bullet.
The sling bullet completely misses the yak.
The yak closely misses you. You block the yak's attack.
Okay, then.
Fire: a) +0 sling
Press: ? - help, Q - select action, (/) - cycle Shift-Dir - straight line, f/p - yak
Aim: a yak (heavily wounded, 79% to hit)
You shoot a sling bullet. The sling bullet hits the yak.
The yak is severely wounded.
Fire: a) +0 sling
Press: ? - help, Q - select action, (/) - cycle Shift-Dir - straight line, f/p - yak
Aim: a yak (severely wounded, 79% to hit)
You shoot a sling bullet. The sling bullet hits the yak.
The yak is severely wounded.
You block the yak's attack. x2
Fire: a) +0 sling
Press: ? - help, Q - select action, (/) - cycle Shift-Dir - straight line, f/p - yak
Aim: a yak (severely wounded, 79% to hit)
You shoot a sling bullet. The sling bullet hits the yak.
The yak is severely wounded.
You block the yak's attack. The yak gores you.
* * * LOW HITPOINT WARNING * * *
Fire: a) +0 sling
Press: ? - help, Q - select action, (/) - cycle Shift-Dir - straight line, f/p - yak
Aim: a yak (severely wounded, 79% to hit)
You shoot a sling bullet.
The sling bullet hits the yak but does no damage.
The yak is severely wounded.
Fire: a) +0 sling
Press: ? - help, Q - select action, (/) - cycle Shift-Dir - straight line, f/p - yak
Aim: a yak (severely wounded, 79% to hit)
You shoot a sling bullet. The sling bullet hits the yak.
The yak is severely wounded.
The yak gores you!
* * * LOW HITPOINT WARNING * * *
The yak gores you!
You die...

## .## ############## ..#########
##.............
..........#########.#.#.########.
..##..........YY@Y[..............
.###.####.##.######.#.#.##.#####.
.###.###.#..#.## ##...###.# ##.#
).......##.###.# ##.## #.###.##
..##.....#..#.## #.# #.##....
..##.##.#.##.########.# #.##..##
.###.##.#.##..).)...#.# #.##.#.#
.###.##.#.#########.#.# #.##.##.
.##...............#.#.####....###


You could see 3 yaks.

Vanquished Creatures
  A wyvern (D:7)
  Menkaure (D:4)
  Duvessa (D:5)
  4 water moccasins
  A black bear (D:7)
  3 orc warriors (D:7)
  An ice beast (D:7)
  2 ogres
  A phantom (D:6)
  2 kobold brigands (D:6)
  4 necrophages
  3 scorpions
  5 water moccasin zombies (Ossuary)
  Dowan (D:5)
  A wight (D:6)
  3 jellies
  4 hounds
  4 iguanas
  4 orc wizards
  2 mummies (Ossuary)
  8 gnolls
  10 adders
  2 shadow imps (D:6)
  4 white imps
  4 ufetubi
  6 adder zombies (Ossuary)
  A worm (D:2)
  3 dart slugs (D:1)
  14 orcs
  2 bats (D:2)
  6 endoplasms
  4 giant cockroaches
  A gnoll zombie (Ossuary)
  8 goblins
  6 hobgoblins
  A quokka (D:2)
  7 ball pythons
  5 frilled lizards
  3 hobgoblin zombies (Ossuary)
  10 kobolds
  8 kobold zombies (Ossuary)
  6 orc zombies (Ossuary)
  2 rats (D:3)
169 creatures vanquished.

Notes
Turn   | Place    | Note
-------+----------+-------------------------------------------
     0 | D:1      | wingedge the Demigod Wanderer began the quest for the Orb.
     0 | D:1      | wingedge set off with the following items: a +0 short
                  | sword, a +2 buckler, a +0 scale mail, a potion of curing.
     0 | D:1      | Reached XP level 1. HP: 17/17 MP: 3/3
   211 | D:1      | Reached XP level 2. HP: 14/24 MP: 4/4
   792 | D:2      | Reached XP level 3. HP: 28/31 MP: 5/5
  1568 | D:3      | Noticed Grinder
  1864 | D:4      | Reached XP level 4. HP: 38/39 MP: 6/6
  2125 | D:4      | Noticed Menkaure
  2133 | D:4      | Killed Menkaure
  2134 | D:4      | Reached skill level 2 in Ranged Weapons
  2134 | D:4      | Reached XP level 5. HP: 21/46 MP: 7/7
  2898 | D:4      | Reached skill level 3 in Ranged Weapons
  3128 | D:5      | Entered Level 5 of the Dungeon
  3144 | D:5      | Reached XP level 6. HP: 48/52 MP: 8/8
  3864 | D:5      | Noticed Dowan
  3866 | D:5      | Noticed Duvessa
  4210 | D:5      | Reached skill level 5 in Fighting
  4210 | D:5      | Reached XP level 7. HP: 47/61 MP: 9/9
  4387 | D:5      | Killed Duvessa
  4394 | D:5      | Killed Dowan
  4395 | D:5      | Reached skill level 4 in Ranged Weapons
  4845 | D:6      | Found a sand-covered staircase.
  4864 | D:6      | Reached skill level 5 in Ranged Weapons
  5020 | Ossuary  | Entered an ossuary
  5281 | Ossuary  | Reached skill level 6 in Ranged Weapons
  5281 | Ossuary  | Reached XP level 8. HP: 60/68 MP: 10/10
  5633 | D:6      | Reached skill level 1 in Evocations
  5640 | D:6      | Reached skill level 7 in Ranged Weapons
  6786 | D:6      | Reached skill level 8 in Ranged Weapons
  7275 | D:7      | Reached XP level 9. HP: 74/74 MP: 11/11
  7430 | D:7      | Reached skill level 9 in Ranged Weapons
  7528 | D:7      | Found a staircase to the Ecumenical Temple.
  7534 | Temple   | Entered the Ecumenical Temple
  8154 | D:7      | Reached skill level 1 in Long Blades
  8154 | D:7      | Reached skill level 5 in Dodging
  8467 | D:7      | Mangled by a yak

Illustrated notes

Levels and vault maps discovered:
D:1:      lemuel_arrival_tunnels, layout_rooms
D:2:      layout_loops_ring, basic_altar,
          dreamdust_ecumenical_altar_hidden_monk_grotto
D:3:      layout_rooms, uniq_grinder
D:4:      layout_loops_cross, uniq_menkaure
D:5:      layout_rooms, uniq_duvessa
D:6:      minmay_razor_zed, layout_basic, enter_ossuary_1
D:7:      layout_loops_ring, minmay_temple_entry_fiery, minmay_misc_feat_columns
D:8:      layout_gridville, serial_undead, serial_undead_f, serial_undead_d,
          serial_undead_f, serial_undead_e, ebering_ghost_inner_flame
Temple:   mainiacjoe_temple_big_plus

Skill      XL: |  1  2  3  4  5  6  7  8  9 |
---------------+----------------------------+-----
Short Blades   | 2 |  2.0
Fighting       | 2 3 4 5 |  5.0
Armour         | 2 |  2.0
Shields        | 3 |  3.0
Ranged Weapons | 2 3 6 8 9 |  9.5
Stealth        | 2 3 |  3.0
Dodging        | 2 3 4 5 |  5.1
Evocations     | 1 |  1.0
Long Blades    | 1 |  1.6

Action                   |  1- 3 |  4- 6 |  7- 9 || total
-------------------------+-------+-------+-------++-------
Melee: Short sword       |   150 |   185 |    49 ||   384
 Fire: Sling             |     3 |    53 |   471 ||   527
Throw: Dart              |     3 |     3 |     3 ||     9
Evoke: Wand              |       |       |     9 ||     9
  Use: Scroll            |     4 |     8 |     8 ||    20
       Potion            |       |     3 |     2 ||     5
Armor: Scale mail        |    55 |    62 |       ||   117
       Leather armour    |       |     9 |    74 ||    83
Dodge: Dodged            |    42 |    62 |   156 ||   260
Block: Buckler           |    58 |    83 |   152 ||   293
